 Dungeon Crawl Stone Soup version 0.22.1-2-g9c5b331383 (webtiles) character file.

87 McIrco the Sneak (level 4, -11/33 HPs)
             Began as a Vampire Assassin on Jan 6, 2019.
             Killed by divine providence
             ... invoked by an orc priest
              (15 damage)
             ... on level 3 of the Dungeon.
             The game lasted 00:05:08 (4482 turns).

McIrco the Sneak (Vampire Assassin)                 Turns: 4482, Time: 00:05:08

Health: -11/33     AC:  4    Str: 10    XL:     4   Next: 28%
Magic:  4/4        EV: 13    Int: 13    God:
Gold:   128        SH:  0    Dex: 16    Spells: 3/3 levels left

rFire    . . .     SeeInvis +   a - +2 dagger
rCold    + + +     Gourm    .   (no shield)
rNeg     + + +     Faith    .   c - +0 robe
rPois    ∞         Spirit   .   p - +0 helmet
rElec    .         Reflect  .   d - +0 cloak
rCorr    .         Harm     .   (no gloves)
MR       .....                  (no boots)
Stlth    ++++++....             (no amulet)
HPRegen  0.00/turn              h - ring of protection from cold
MPRegen  0.09/turn              o - ring of see invisible

@: bloodless, non-regenerating
A: fangs 3, see invisible, unbreathing
a: Bat Form


You were on level 3 of the Dungeon.
You were bloodless.

You visited 1 branch of the dungeon, and saw 3 of its levels.

You collected 128 gold pieces.

Inventory:

Hand Weapons
 a - a +2 dagger (weapon)
 b - a +0 blowgun
 s - a +4 falchion
Missiles
 e - 7 poisoned needles
 f - 2 curare-tipped needles
Armour
 c - a +0 robe (worn)
 d - a +0 cloak (worn)
 p - a +0 helmet (worn)
Jewellery
 h - a ring of protection from cold (left hand)
 l - an uncursed ring of protection from cold
 o - a ring of see invisible (right hand)
Scrolls
 j - 2 scrolls of identify {unknown}
 k - a scroll of random uselessness {unknown}
 m - 2 scrolls of amnesia {unknown}
 q - a scroll of magic mapping {unknown}
Potions
 g - 8 potions of blood
 i - a potion of resistance {unknown}
 n - 3 potions of curing {unknown}
 r - a potion of heal wounds {unknown}
 t - a potion of flight {unknown}


   Skills:
 + Level 2.0 Fighting
 + Level 2.4 Short Blades
 + Level 1.8 Throwing
 * Level 2.1 Dodging
 + Level 7.8 Stealth


You had 3 spell levels left.
You didn't know any spells.
Your spell library was empty.

Dungeon Overview and Level Annotations

Branches:
Dungeon (3/15)

Altars:


Innate Abilities, Weirdness & Mutations

You do not heal naturally.
You are immune to poison.
You have razor-sharp teeth.
You have supernaturally acute eyesight. (SInv)
You can survive without breathing.


Message History

The orc priest misses you.
You hit the orc.
The orc is severely wounded.
The orc barely misses you. The orc hits you with a flail.
You hit the orc.
You kill the orc!
The orc priest hits you with an enchanted mace.
A jackal comes into view.
The orc priest hits you with an enchanted mace.
Things that are here:
a flail; an orc corpse A jackal comes into view.
You hit the orc.
The orc is almost dead.
The orc hits you with a flail!
* * * LOW HITPOINT WARNING * * *
Unknown command.
The orc priest invokes the aid of Beogh against you.
Beogh smites you!
You die...

......##.######
#..##.........#
#...####.####.#
.....###.# #.#
#........# #.#
##.####### #.# #.#
#.# .. #.#
#####.##### #.#.#
##'## #.......@.#
#.#.# #...##
#.###.###o# #.#.###
# .....## ##.# #.#
#.#...#.# ......#
.##..###o# #.......#
.......#
........o###o......#
.......+
.........o.)o.......
.......#
.........###oo.h...#
......###.........#
###....## .....##
.........# ..##


You could see an orc priest, an orc wizard and 2 orcs.

Vanquished Creatures
  Jessica (D:2)
  Robin (D:2)
  An adder (D:3)
  A dart slug (D:2)
  A leopard gecko (D:1)
  An orc (D:3)
  5 bats
  A giant cockroach (D:1)
  10 goblins
  4 hobgoblins
  4 kobolds
  3 frilled lizards (D:2)
  4 rats
37 creatures vanquished.

Notes
Turn   | Place    | Note
-------+----------+-------------------------------------------
     0 | D:1      | McIrco the Vampire Assassin began the quest for the Orb.
     0 | D:1      | Reached XP level 1. HP: 16/16 MP: 1/1
  2157 | D:1      | Reached skill level 6 in Stealth
  2253 | D:1      | Reached XP level 2. HP: 15/22 MP: 2/2
  2792 | D:2      | Found a faded altar of an unknown god.
  2896 | D:2      | Reached XP level 3. HP: 26/27 MP: 3/3
  2898 | D:2      | Noticed Jessica
  2918 | D:2      | Killed Jessica
  2918 | D:2      | Reached skill level 7 in Stealth
  3056 | D:2      | Noticed Robin
  3663 | D:2      | Killed Robin
  3663 | D:2      | Reached XP level 4. HP: 12/33 MP: 4/4
  4482 | D:3      | Killed from afar by an orc priest

Skill      XL: |  1  2  3 |
---------------+----------+-----
Stealth        | 6 7 |  7.8
Fighting       | 2 |  2.0
Dodging        | 2 |  2.1
Short Blades   | |  2.4
Throwing       | |  1.8

Action                   |  1- 3 |  4- 6 || total
-------------------------+-------+-------++-------
Melee: Dagger            |    67 |    10 ||    77
       Bite              |     2 |       ||     2
 Fire: Blowgun           |     9 |       ||     9
  Use: Scroll            |     1 |       ||     1
       Potion            |     1 |       ||     1
 Stab: Sleeping          |    15 |     1 ||    16
  Eat: Corpse            |       |     1 ||     1
Armor: Robe              |    18 |     3 ||    21
Dodge: Dodged            |    44 |     5 ||    49
